 Dungeon Crawl Stone Soup version 0.21.1-1-g345015fe64 (webtiles) character file.

219 Hercules1031 the Sneak (level 5, -6/25 HPs)
             Began as a Felid Monk on June 10, 2018.
             Mangled by Hercules1031's ghost (16 damage)
             ... on level 4 of the Dungeon.
             The game lasted 00:15:45 (2789 turns).

Hercules1031 the Sneak (Felid Monk)                 Turns: 2789, Time: 00:15:45

Health: -6/25      AC:  7    Str:  9    XL:     5   Next: 64%
Magic:  6/6        EV: 21    Int: 12    God:
Gold:   52         SH:  0    Dex: 19    Spells: 4/4 levels left
                                        Lives:  0   Deaths: 1

rFire    + . .     SeeInvis +     - Unarmed
rCold    x . .     Gourm    .   (shield unavailable)
rNeg     . . .     Faith    .   (armour unavailable)
rPois    .         Spirit   .   (helmet unavailable)
rElec    .         Reflect  .   (cloak unavailable)
rCorr    .         Harm     .   (gloves unavailable)
MR       .....                  (boots unavailable)
Stlth    ++++......             (no amulet)
HPRegen  0.08/turn              g - +3 ring of protection
MPRegen  0.10/turn              b - ring of fire

@: quick
A: very small, no armour, no weapons or thrown items, stealth, claws 1, fangs 3,
yellow scales 1, see invisible, carnivore, speed 1, shaggy fur 2, slow
metabolism 1, strong 1, no potion heal 1, sharp paws
a: no special abilities


You were on level 4 of the Dungeon.
You were full.

You visited 1 branch of the dungeon, and saw 4 of its levels.

You collected 52 gold pieces.

Inventory:

Jewellery
 b - a ring of fire (right paw)
 g - a +3 ring of protection (left paw)
Scrolls
 a - 3 scrolls of remove curse
 e - a scroll of teleportation
 f - a scroll of fear
 h - a scroll of fog
Potions
 c - a potion of cancellation
 d - a potion of lignification
Comestibles
 i - 4 rations


   Skills:
 + Level 4.0 Fighting
 * Level 5.5 Dodging
 + Level 5.8 Stealth
 + Level 3.9 Unarmed Combat


You had 4 spell levels left.
You didn't know any spells.

Dungeon Overview and Level Annotations

Branches:
Dungeon (4/15)
 Temple: D:4-7

Altars:
Qazlal

Annotations:
D:4 Hercules1031's ghost, amateur DsFi


Innate Abilities, Weirdness & Mutations

You cannot wear armour.
You are incapable of wielding weapons or throwing items.
Your paws allow you to move quietly. (Stealth)
You have sharp claws.
You have razor-sharp teeth.
You have supernaturally acute eyesight. (SInv)
You are carnivorous and can eat meat at any time.
You cover ground quickly.
You are covered in thick fur. (AC +2)
You have a slow metabolism.
Your sharp claws are effective at attacking unaware monsters.
You are partially covered in yellow scales. (AC +2)
Your muscles are strong. (Str +2)
Potions are less effective at restoring your health.


Message History

You closely miss Hercules1031's ghost.
Hercules1031's ghost is lightly damaged.
Hercules1031's ghost hits you.
You scratch Hercules1031's ghost.
You bite Hercules1031's ghost, but do no damage.
Hercules1031's ghost is lightly damaged.
You scratch Hercules1031's ghost but do no damage.
Hercules1031's ghost is lightly damaged.
Hercules1031's ghost barely misses you.
You scratch Hercules1031's ghost but do no damage.
Hercules1031's ghost is lightly damaged.
Hercules1031's ghost hits you.
You scratch Hercules1031's ghost.
Hercules1031's ghost is lightly damaged.
Hercules1031's ghost misses you.
You claw Hercules1031's ghost!
Hercules1031's ghost is moderately damaged.
Hercules1031's ghost hits you!
Ouch! That really hurt!
You die...

####### #.....#
#.....# #.....#
#..@..# #...W.#
###.#.#
...#.###########
#####...........####
########.......#
#.##.##.# #.##.##.#
#.##.##.#


You could see Hercules1031's ghost.

Vanquished Creatures
  An ice beast (D:3)
  An iguana (D:4)
  A worker ant (D:4)
  A howler monkey skeleton (D:4)
  2 adders
  3 oozes
  An adder skeleton (D:4)
  4 dart slugs
  2 leopard geckos
  8 orcs (D:3)
  5 bats
  A giant cockroach (D:1)
  9 goblins
  2 hobgoblins
  2 jackals (D:3)
  7 frilled lizards
  7 kobolds
  11 rats
68 creatures vanquished.

Notes
Turn   | Place    | Note
-------+----------+-------------------------------------------
     0 | D:1      | Hercules1031 the Felid Monk began the quest for the Orb.
     0 | D:1      | Reached XP level 1. HP: 10/10 MP: 2/2
   128 | D:1      | Reached XP level 2. HP: 13/14 MP: 3/3
   608 | D:1      | Reached XP level 3. HP: 10/17 MP: 4/4
   714 | D:2      | Found a stormy altar of Qazlal.
  1507 | D:3      | Noticed an ice beast
  1529 | D:3      | Gained mutation: You tend to lose your temper in combat. [potion of mutation]
  1529 | D:3      | Gained mutation: You often lose your temper in combat. [potion of mutation]
  1529 | D:3      | Gained mutation: Your muscles are strong. (Str +2) [potion of mutation]
  1529 | D:3      | Gained mutation: You are partially covered in yellow scales. (AC +2) [potion of mutation]
  1540 | D:3      | Reached XP level 4. HP: 11/21 MP: 5/5
  1543 | D:3      | Lost mutation: You often lose your temper in combat. [potion of mutation]
  1543 | D:3      | Lost mutation: You tend to lose your temper in combat. [potion of mutation]
  1543 | D:3      | Gained mutation: Potions are less effective at restoring your health. [potion of mutation]
  1543 | D:3      | Gained mutation: You are covered in thick fur. (AC +2) [potion of mutation]
  1547 | D:3      | Slain by an ice beast
  1548 | D:3      | Reached XP level 3. HP: -4/17 MP: 4/4
  1647 | D:3      | Killed an ice beast
  1647 | D:3      | Reached skill level 5 in Dodging
  1647 | D:3      | Reached skill level 5 in Stealth
  1647 | D:3      | Reached XP level 4. HP: 7/22 MP: 5/5
  1938 | D:3      | Reached XP level 5. HP: 25/25 MP: 6/6
  2731 | D:4      | Noticed Hercules1031's ghost (amateur DsFi)
  2789 | D:4      | Mangled by Hercules1031's ghost

Skill      XL: |  1  2  3  4  5 |
---------------+----------------+-----
Stealth        | 3 5 |  5.8
Dodging        | 5 |  5.5
Fighting       | 4 |  4.0
Unarmed Combat | |  3.9

Action                   |  1- 3 |  4- 6 || total
-------------------------+-------+-------++-------
Melee: Unarmed           |   130 |    73 ||   203
       Bite              |    12 |     7 ||    19
       Punch             |     2 |     4 ||     6
  Use: Potion            |     5 |     4 ||     9
       Scroll            |     3 |     6 ||     9
 Stab: Sleeping          |     6 |     3 ||     9
       Distracted        |       |     1 ||     1
  Eat: Ration            |     2 |     2 ||     4
Armor: Skin              |    15 |    10 ||    25
Dodge: Dodged            |   119 |    57 ||   176
